 Dungeon Crawl Stone Soup version 0.29-a0-653-gd47aff6735 (webtiles) character file.

Game seed: 13791492643578860878

10493 zeratav the Marksspriggan (level 11, 0/58 HPs)
             Began as a Spriggan Arcane Marksman on June 21, 2022.
             Was a Priest of Dithmenos.
             Slain by a sixfirhy (10 damage)
             ... summoned by a kobold demonologist
             ... on level 10 of the Dungeon.
             The game lasted 00:20:03 (9646 turns).

zeratav the Marksspriggan (SpAM)                    Turns: 9646, Time: 00:20:04

Health: 0/58       AC:  4    Str:  6    XL:     11   Next: 36%
Magic:  23/23      EV: 28    Int: 27    God:    Dithmenos [***...]
Gold:   490        SH:  0    Dex: 26    Spells: 11/12 levels left

rFire   . . .      SeeInvis +   k - +7 shortbow of the Well-Known Lies {flame, rC- Int+5 Dex+7, bow}
rCold   x . .      Faith    .   (shield currently unavailable)
rNeg    . . .      Spirit   .   b - +0 robe
rPois   .          Reflect  .   v - +2 hat
rElec   .          Harm     .   (no cloak)
rCorr   .          Rampage  .   (gloves unavailable)
Will    +....                   (boots unavailable)
Stlth   +++++.....              (no amulet)
HPRegen 0.19/turn               y - ring of magical power
MPRegen 0.18/turn               l - +6 ring of intelligence

@: wreathed by umbra, very quick
A: very small, no large weapons, unfitting armour, see invisible, speed 3
a: Renounce Religion, Shadow Step


You were on level 10 of the Dungeon.
You worshipped Dithmenos.
Dithmenos was most pleased with you.
You visited 2 branches of the dungeon, and saw 11 of its levels.

You collected 610 gold pieces.
You spent 120 gold pieces at shops.


Innate Abilities, Weirdness & Mutations

You are very small and have problems with some larger weapons.
You are too small for most types of armour.
You have supernaturally acute eyesight. (SInv)
You cover ground extremely quickly. (Speed+++)


   Skills:
 + Level 7.5 Fighting
 - Level 16.0 Bows
 - Level 10.0 Dodging
 - Level 5.0 Stealth
 - Level 1.3 Spellcasting
 - Level 3.6 Hexes


You had 11 spell levels left.
You knew the following spells:

 Your Spells              Type           Power      Damage    Failure   Level
a - Slow                  Hex            84%        N/A       2%          1

Your spell library contained the following spells:

 Spells                   Type           Power      Damage    Failure   Level
 Ensorcelled Hibernation  Hex/Ice        22%        N/A       8%          2
 Beastly Appendage        Tmut           2%         N/A       11%         1
 Necrotize                Necr           4%         1d4       11%         1
 Wereblood                Tmut           1%         N/A       16%         2
 Inner Flame              Hex/Fire       11%        N/A       16%         3
 Portal Projectile        Hex/Tloc       22%        N/A       16%         3
 Cause Fear               Hex            10%        N/A       24%         4
 Conjure Flame            Conj/Fire      1%         6-21      30%         3
 Frozen Ramparts          Ice            2%         1d2       30%         3
 Gell's Gravitas          Tloc           1%         N/A       30%         3
 Ignite Poison            Fire/Tmut/Pois 1%         N/A       30%         3
 Lesser Beckoning         Tloc           1%         N/A       30%         3
 Spider Form              Tmut/Pois      1%         N/A       30%         3
 Teleport Other           Tloc           1%         N/A       30%         3
 Vampiric Draining        Necr           1%         2d6       30%         3
 Anguish                  Hex/Necr       5%         N/A       45%         4
 Ice Form                 Ice/Tmut       1%         N/A       71%         4
 Sticky Flame             Conj/Fire      1%         2d3       71%         4
 Summon Ice Beast         Ice/Summ       1%         N/A       71%         4
 Agony                    Necr           1%         N/A       96%         5
 Dragon Form              Tmut           0%         N/A       100%        7
 Dragon's Call            Summ           0%         N/A       100%        9

Inventory:

Hand Weapons
 k - the +7 shortbow of the Well-Known Lies (weapon) {flame, rC- Int+5 Dex+7, bow}
   (You bought it in a shop on level 2 of the Dungeon)

   Any ammunition fired from it burns those it strikes, dealing additional fire
   damage.
   Int:       It affects your intelligence (+5).
   Dex:       It affects your dexterity (+7).
   rC:        It makes you vulnerable to cold.
 K - a +5 dagger {short}
   (You took it off a wight on level 10 of the Dungeon)
Armour
 b - a +0 robe (worn)
 g - a +0 cloak
   (You found it on level 10 of the Dungeon)
 v - a +2 hat (worn)
   (You found it on level 4 of the Dungeon)
 F - a +0 robe of cold resistance
   (You took it off a wight on level 7 of the Dungeon)
Jewellery
 l - a +6 ring of intelligence (right hand)
   (You found it on level 9 of the Dungeon)
 y - a ring of magical power (left hand)
   (You took it off an orc on level 5 of the Dungeon)
 I - a ring of magical power
   (You found it on level 9 of the Dungeon)
Wands
 a - a wand of digging (6)
   (You found it on level 3 of the Dungeon)
 m - a wand of acid (12)
   (You found it on level 2 of the Dungeon)
 r - a wand of flame (35)
   (You found it on level 4 of the Dungeon)
 J - a wand of charming (5)
   (You found it on level 9 of the Dungeon)
Scrolls
 c - 6 scrolls of vulnerability {!r!r}
 d - 8 scrolls of teleportation {@r4}
 e - 2 scrolls of amnesia
 p - a scroll of poison {!r}
 t - 2 scrolls of magic mapping {!r}
 u - 3 scrolls of fear
 A - a scroll of torment {!r}
 D - 3 scrolls of enchant armour
 E - 4 scrolls of fog
 G - a scroll of enchant weapon
Potions
 f - 2 potions of haste {@q3}
 h - 5 potions of magic {unknown}
 i - 3 potions of brilliance {unknown}
 j - a potion of lignification {unknown}
 n - 6 potions of degeneration {unknown}
 o - 4 potions of curing {unknown}
 q - 3 potions of attraction {unknown}
 s - 3 potions of flight {unknown}
 w - a potion of resistance {unknown}
 x - a potion of might {unknown}
 z - 4 potions of heal wounds {unknown}
 B - 3 potions of invisibility {unknown}

Dungeon Overview and Level Annotations

Branches:
Dungeon (10/15) Zot: 26771  Temple (1/1) D:5 Zot: 5803    Lair (0/6) D:8
    Orc: D:9-12

Altars:
Ashenzari
Cheibriados
Dithmenos
Elyvilon
Fedhas
Gozag
Hepliaklqana
Kikubaaqudgha
Makhleb
Nemelex Xobeh
Okawaru
Qazlal
Ru
Sif Muna
Trog
Uskayaw
Vehumet
Wu Jian
Xom
Yredelemnul
Zin
The Shining One
Beogh

Shops:
D:2 ( D:10

= ..#......# #........#
..'......# #........#
..#......# #.?.§K...#
###....).# #........#
.........# #.§.§....#
.........# +........#
.........# #........#
.........# ###3######.
.........######.@.......
.........#...'..........
.........#...#.......##.
.........#...#.......#
.........#...#####+###
...########'##
...'....##...##
...#..........#
...#..........#


You could see a kobold demonologist and a sixfirhy (summoned).


Message History

D - 3 scrolls of enchant armour
As you read the scroll of identify {@r1}, it crumbles to dust.
E - 4 scrolls of fog
As you read the scroll of identify {@r1}, it crumbles to dust.
G - a scroll of enchant weapon
As you read the scroll of identify {@r1}, it crumbles to dust.
f - 2 potions of haste
Okay, then.
Unknown command.
You open the door.
A yak comes into view.
The yak moves out of view.
You shoot an arrow. The arrow hits the yak.
The arrow burns the yak.
The yak barely misses you.
The yak snorts and paws the ground.
You shoot an arrow.
The arrow hits the yak but does no damage.
You shoot an arrow. The arrow hits the yak.
The arrow burns the yak.
You shoot an arrow. The arrow hits the yak!
The arrow burns the yak.
You shoot an arrow. The arrow barely misses the yak. x2
You shoot an arrow. The arrow hits the yak.
The arrow burns the yak.
You shoot an arrow. The arrow barely misses the yak.
The arrow hits the yak.
The arrow burns the yak.
You shoot an arrow. The arrow closely misses the yak.
The yak bellows!
The arrow hits the yak!
The arrow burns the yak.
You shoot an arrow. The arrow barely misses the yak.
The arrow hits the yak!
The arrow burns the yak.
You kill the yak!
Dithmenos accepts your kill.
You shoot an arrow. The arrow hits the yak!
The arrow burns the yak.
You kill the yak!
Dithmenos accepts your kill.
You shoot an arrow. The arrow hits the yak!
The arrow burns the yak.
You shoot an arrow. The arrow hits the yak!
The arrow burns the yak.
The yak completely misses you.
You shoot an arrow. The arrow hits the yak.
The arrow burns the yak.
The yak gores you but does no damage.
You shoot an arrow. The arrow hits the yak.
The arrow burns the yak.
You kill the yak!
Dithmenos accepts your kill.
You shoot an arrow. The arrow barely misses the yak.
You shoot an arrow. The arrow hits the yak!
The arrow burns the yak.
You shoot an arrow. The arrow hits the yak.
The arrow burns the yak.
The yak closely misses you.
You shoot an arrow. The arrow hits the yak!!
The arrow burns the yak.
You kill the yak!
Dithmenos accepts your kill.
No target in view!
You open the door.
There is an open door here.
You open the door.
There is an open door here.
As you open the door, it creaks loudly!
There is an open door here.
You open the door.
There is an open door here.
g - a +0 cloak A kobold demonologist comes into view.
It is wielding a +0 dagger.
You shoot an arrow. The arrow hits the kobold demonologist!
The arrow burns the kobold demonologist.
The kobold demonologist shouts!
You shoot an arrow.
The arrow closely misses the kobold demonologist.
You shoot an arrow.
The arrow misses the kobold demonologist.
The kobold demonologist mumbles some strange words.
You shoot an arrow. The arrow misses the sixfirhy.
You shoot an arrow. The arrow hits the sixfirhy!
The arrow burns the sixfirhy.
The kobold demonologist looks satisfied for a moment.
You shoot an arrow. The arrow hits the sixfirhy!!
The arrow burns the sixfirhy!
You shoot an arrow.
The arrow completely misses the sixfirhy.
The kobold demonologist mumbles some strange words.
You shoot an arrow. The arrow closely misses the sixfirhy.
The sixfirhy completely misses you. x2
You shoot an arrow. The arrow hits the sixfirhy!
The arrow burns the sixfirhy.
The sixfirhy hits you. The sixfirhy shocks you! The sixfirhy hits you!
The sixfirhy shocks you!
* * * LOW HITPOINT WARNING * * *
The sixfirhy hits you.
* * * LOW HITPOINT WARNING * * *
The sixfirhy shocks you!
* * * LOW HITPOINT WARNING * * *
HP[-43]
You take 43 damage, and now have 15/58 hp.
MASSIVE DAMAGE!! (PAUSE)
There is an open door here.
Shoot: k) +7 shortbow of the Well-Known Lies {flame, rC- Int+5 Dex+7, bow}
Press: ? - help, Q - select action, (/) - cycle Shift-Dir - straight line, f/p - sixfirhy
Aim: a sixfirhy (almost dead, summoned, 57% to hit)
You shoot an arrow. The arrow hits the shadow imp!
The arrow burns the shadow imp.
You kill the shadow imp!
The shadow imp disappears in a puff of smoke!
The sixfirhy attacks as you move away! The sixfirhy completely misses you.
The sixfirhy hits you.
* * * LOW HITPOINT WARNING * * *
The sixfirhy shocks you!
You die...

Skill      XL: |  1  2  3  4  5  6  7  8  9 10 11 |
---------------+----------------------------------+-----
Bows           | 3 4 5 6 8 9 10 13 16 | 16.0
Stealth        | 5 |  5.0
Dodging        | 5 10 | 10.0
Fighting       | 5 7 |  7.5
Spellcasting   | |  1.3
Hexes          | |  3.6

Action                   |  1- 3 |  4- 6 |  7- 9 | 10-12 || total
-------------------------+-------+-------+-------+-------++-------
 Fire: Shortbow          |    83 |    84 |   195 |   218 ||   580
       Hunting sling     |    13 |       |       |       ||    13
 Cast: Slow              |       |     2 |       |     7 ||     9
  Use: Scroll            |       |     5 |     1 |     6 ||    12
Armor: Robe              |     3 |     5 |     5 |     2 ||    15
Dodge: Dodged            |    24 |    12 |    44 |    34 ||   114

Levels and vault maps discovered:
D:1:      dpeg_arrival_pond, layout_basic, serial_bayou, serial_bayou_lagoon_a,
          serial_bayou_lake_a, serial_bayou_pond_a, serial_bayou_ford_a
D:2:      layout_loops_ring, serial_shops, shop,
          hellmonk_ecumenical_altar_dog_temple
D:3:      minmay_chambers_of_twos, layout_rooms, kennysheep_generic_room_5
D:4:      layout_cave_pools, biasface_ghost_orc_armoury
D:5:      layout_gridville, minmay_temple_entry_statues_pillars,
          minmay_checkerbox, uniq_grinder, uniq_eustachio, uniq_prince_ribbit1
D:6:      layout_rooms
D:7:      layout_basic, nicolae_elyvilon_temple_path
D:8:      layout_cave_pods, david_lair_generic, minivault_14,
          kennysheep_generic_room_14
D:9:      layout_big_octagon, ebering_ghost_xom, kennysheep_flooded_box,
          hangedman_abyss_or_decor_stabs, uniq_joseph
D:10:     layout_gridville, minmay_shop_enchanted_jewellery,
          nicolae_fountain_basement, uniq_nergalle
Temple:   kilobyte_greek_temple

Notes
Turn   | Place    | Note
-------+----------+-------------------------------------------
     0 | D:1      | zeratav the Spriggan Arcane Marksman began the quest for
                  | the Orb.
     0 | D:1      | Reached XP level 1. HP: 9/9 MP: 3/3
     0 | D:1      | magus.rc [v1.9.6]
    55 | D:1      | Reached skill level 3 in Bows
   181 | D:1      | Reached XP level 2. HP: 14/14 MP: 5/5
   739 | D:2      | Reached skill level 4 in Bows
   781 | D:2      | Found Raerghe's Antique Weapon Shoppe.
   795 | D:2      | Reached XP level 3. HP: 17/17 MP: 6/6
   955 | D:2      | You pick up a book of Necromancy and begin reading...
   955 | D:2      | You add the spells Necrotize, Vampiric Draining and Agony
                  | to your library.
   996 | D:2      | Found a faded altar of an unknown god.
  1206 | D:2      | You pick up a book of Changes and begin reading...
  1206 | D:2      | You add the spells Beastly Appendage, Wereblood and Spider
                  | Form to your library.
  1503 | D:3      | Reached skill level 5 in Bows
  1715 | D:3      | Reached XP level 4. HP: 18/21 MP: 7/7
  1834 | D:3      | Noticed a scorpion
  1852 | D:3      | Killed a scorpion
  1853 | D:3      | Reached skill level 6 in Bows
  1853 | D:3      | Reached XP level 5. HP: 25/25 MP: 8/8
  2053 | D:3      | You pick up a book of Dreams and begin reading...
  2053 | D:3      | You add the spells Ensorcelled Hibernation and Anguish to
                  | your library.
  2396 | D:2      | Bought a warped shortbow for 120 gold pieces
  2396 | D:2      | Identified the +7 shortbow of the Well-Known Lies {flame,
                  | rC- Int+5 Dex+7} (You bought it in a shop on level 2 of the
                  | Dungeon)
  2759 | D:4      | Reached skill level 7 in Bows
  2760 | D:4      | Noticed a black bear
  2773 | D:4      | Killed a black bear
  2774 | D:4      | Reached skill level 8 in Bows
  2774 | D:4      | Reached XP level 6. HP: 29/29 MP: 9/9
  3205 | D:4      | Found a runed translucent gate.
  3206 | D:4      | Found a runed translucent gate.
  3209 | D:4      | Found a runed translucent gate.
  3209 | D:4      | Identified the +0 ring mail "Megysed" {-Tele rElec rF+}
  3212 | D:4      | Noticed Heh's ghost (novice OpHW)
  3413 | D:4      | Killed Heh's ghost
  3414 | D:4      | Reached skill level 9 in Bows
  3414 | D:4      | Reached XP level 7. HP: 19/32 MP: 10/10
  3622 | D:5      | Entered Level 5 of the Dungeon
  3698 | D:5      | Reached skill level 10 in Bows
  3698 | D:5      | Reached skill level 2 in Stealth
  3702 | D:5      | Reached skill level 3 in Stealth
  3891 | D:5      | Reached skill level 4 in Stealth
  3944 | D:5      | Noticed Grinder
  3948 | D:5      | Reached skill level 5 in Stealth
  3951 | D:5      | Killed Grinder
  3952 | D:5      | Reached XP level 8. HP: 37/37 MP: 11/11
  3979 | D:5      | Found a staircase to the Ecumenical Temple.
  3988 | Temple   | Entered the Ecumenical Temple
  4213 | Temple   | Became a worshipper of Dithmenos the Shadowed
  4262 | D:5      | Reached skill level 11 in Bows
  4431 | D:5      | Noticed Eustachio
  4447 | D:5      | Killed Eustachio
  4448 | D:5      | Reached skill level 12 in Bows
  4851 | D:5      | Noticed Prince Ribbit
  4859 | D:5      | Killed Prince Ribbit
  4860 | D:5      | Reached skill level 13 in Bows
  4989 | D:6      | Reached XP level 9. HP: 40/40 MP: 12/12
  5036 | D:6      | Reached skill level 14 in Bows
  5069 | D:6      | You pick up a book of Displacement and begin reading...
  5069 | D:6      | You add the spells Lesser Beckoning, Gell's Gravitas and
                  | Teleport Other to your library.
  5103 | D:6      | You add the spells Conjure Flame, Ignite Poison and Sticky
                  | Flame to your library.
  5454 | D:7      | Reached * piety under Dithmenos
  5675 | D:7      | You pick up a book of the Dragon and begin reading...
  5675 | D:7      | You add the spells Dragon Form and Dragon's Call to your
                  | library.
  6120 | D:7      | Reached skill level 15 in Bows
  6465 | D:7      | Found a white marble altar of Elyvilon.
  7133 | D:8      | Reached skill level 16 in Bows
  7133 | D:8      | Reached skill level 3 in Dodging
  7149 | D:8      | Reached skill level 4 in Dodging
  7158 | D:8      | Reached skill level 5 in Dodging
  7158 | D:8      | Reached XP level 10. HP: 44/44 MP: 13/13
  7266 | D:8      | Found a staircase to the Lair.
  7283 | D:8      | Reached skill level 6 in Dodging
  7407 | D:8      | Reached ** piety under Dithmenos
  7543 | D:8      | Noticed a seven-headed hydra
  7558 | D:8      | Killed a seven-headed hydra
  7559 | D:8      | Reached skill level 8 in Dodging
  7992 | D:9      | Noticed Joseph
  8000 | D:9      | HP: 7/44 [Joseph/sling bullet (23)]
  8417 | D:9      | Killed Joseph
  8418 | D:9      | Reached skill level 9 in Dodging
  8525 | D:9      | Reached skill level 10 in Dodging
  8525 | D:9      | Reached skill level 1 in Fighting
  8658 | D:9      | Reached skill level 2 in Fighting
  8772 | D:9      | Found a runed translucent door.
  8772 | D:9      | Found a shimmering altar of Xom.
  8772 | D:9      | Noticed a +2 flail of chaos
  8772 | D:9      | Noticed DocClef's ghost (novice GnDe)
  9085 | D:9      | Killed a +2 flail of chaos
  9086 | D:9      | Reached skill level 4 in Fighting
  9214 | D:9      | Killed DocClef's ghost
  9215 | D:9      | Reached skill level 5 in Fighting
  9301 | D:10     | Entered Level 10 of the Dungeon
  9301 | D:10     | Found Enwurr's Jewellery Shoppe.
  9324 | D:10     | Reached XP level 11. HP: 56/56 MP: 14/14
  9325 | D:10     | Reached *** piety under Dithmenos
  9344 | D:10     | You pick up a book of Rime and begin reading...
  9344 | D:10     | You add the spells Frozen Ramparts, Ice Form and Summon Ice
                  | Beast to your library.
  9362 | D:10     | Noticed a two-headed ogre
  9365 | D:10     | Killed a two-headed ogre
  9422 | D:10     | Reached skill level 6 in Fighting
  9503 | D:10     | Noticed a two-headed ogre
  9507 | D:10     | Killed a two-headed ogre
  9508 | D:10     | Reached skill level 7 in Fighting
  9635 | D:10     | Noticed a sixfirhy
  9646 | D:10     | HP: 10/58 [sixfirhy[a kobold demonologist] (5)]
  9646 | D:10     | Slain by a sixfirhy

Vanquished Creatures
  A hydra (D:8)
  2 two-headed ogres (D:10)
  A dancing weapon (D:9)
  The ghost of DocClef the Covert, a novice GnDe of Okawaru (D:9)
  Joseph (D:9)
  The ghost of Heh the Conjurer, a novice OpHW (D:4)
  A komodo dragon (D:10)
  A troll (D:9)
  Grinder (D:5)
  Prince Ribbit (D:5)
  10 yaks
  2 wyverns
  A basilisk (D:8)
  Eustachio (D:5)
  3 water moccasins
  A sky beast (D:8)
  2 black bears
  An ice beast (D:6)
  4 centaurs
  4 ogres
  A phantom (D:5)
  A kobold brigand (D:9)
  5 bullfrogs
  3 necrophages
  A scorpion (D:3)
  16 wights
  10 killer bees
  2 howler monkeys
  2 electric eels (D:8)
  2 jellies
  3 orc priests
  2 gnoll shamans
  2 iguanas
  6 orc wizards
  7 adders
  16 gnolls
  A shadow imp (D:5)
  2 white imps (D:5)
  2 ufetubi
  2 worms (D:4)
  2 dart slugs (D:4)
  26 orcs
  5 ball pythons
  8 endoplasms
  2 giant cockroaches (D:1)
  6 goblins
  8 hobgoblins
  9 jackals
  6 kobolds
  3 quokkas
  4 bats
  4 frilled lizards
  4 rats
213 creatures vanquished.

Vanquished Creatures (others)
  11 plants
11 creatures vanquished.

Grand Total: 224 creatures vanquished

Table legend:
 A = Non-vault XP
 B = Vault XP
 C = Vault XP percentage of total XP
 D = Non-vault monster count
 E = Vault monster count
 F = Vault count percentage of total count
                 A         B        C        D         E       F
            +---------+---------+-------+---------+---------+-------
      Total |   10845 |    4145 |  27.7 |     178 |      35 |  16.4
            +---------+---------+-------+---------+---------+-------
        D:1 |      27 |       0 |   0.0 |      17 |       0 |   0.0
        D:2 |      29 |       6 |  17.1 |      11 |       3 |  21.4
        D:3 |     155 |      34 |  18.0 |      15 |      11 |  42.3
        D:4 |     224 |     441 |  66.3 |      14 |       6 |  30.0
        D:5 |     896 |     762 |  46.0 |      31 |       7 |  18.4
        D:6 |     865 |       0 |   0.0 |      15 |       0 |   0.0
        D:7 |    1041 |       0 |   0.0 |      21 |       0 |   0.0
        D:8 |    1846 |     855 |  31.7 |      16 |       5 |  23.8
        D:9 |    1550 |    2047 |  56.9 |      21 |       3 |  12.5
       D:10 |    4212 |       0 |   0.0 |      17 |       0 |   0.0
            +---------+---------+-------+---------+---------+-------

Illustrated notes

Table legend:
 A = Kills in this place as a percentage of kills in entire the game.
 B = Kills by you in this place as a percentage of kills by you in the entire game.
 C = Kills by friends in this place as a percentage of kills by friends in the entire game.
 D = Other kills in this place as a percentage of other kills in the entire game.
 E = Experience gained in this place as a percentage of experience gained in the entire game.
 F = Experience gained in this place divided by the number of levels of this place that you have seen.
                   A       B       C       D       E      F
               +-------+-------+-------+-------+-------+----------------------
         Total | 100.0 | 100.0 |   N/A |   N/A | 100.0 | 1362.7
       Dungeon | 100.0 | 100.0 |   N/A |   N/A | 100.0 | 1499.0
               +-------+-------+-------+-------+-------+----------------------

Table legend: (Time is in decaauts)
 A = Elapsed time spent in this place.
 B = Non-inter-level travel time spent in this place.
 C = Inter-level travel time spent in this place.
 D = Time resting spent in this place.
 E = Time spent auto-exploring this place.
 F = Levels seen in this place.
 G = Mean time per level.
                   A        B        C        D        E       F      G
               +--------+--------+--------+--------+--------+-----+--------+
         Total |   6899 |   6308 |    591 |   1032 |   4173 |  11 |  627.2 |
       Dungeon |   6702 |   6137 |    565 |   1032 |   4005 |  10 |  670.2 |
        Temple |    196 |    170 |     26 |      0 |    167 |   1 |  196.0 |
               +--------+--------+--------+--------+--------+-----+--------+

Top non-repeatable levels by time:
     D:8: 1243 daAuts
     D:7: 1057 daAuts
     D:2: 794 daAuts
     D:5: 757 daAuts
     D:3: 625 daAuts
     D:4: 619 daAuts
     D:1: 531 daAuts
     D:9: 519 daAuts
     D:6: 326 daAuts
    D:10: 228 daAuts
  Temple: 196 daAuts
